AoeStats
← konif

Migration

507361546Analyzed
1v1 RM · 14d ago on Sep 17, 2026· 47m 49s· 2 players
Game mode
Random Map
Map size
132×132
Population
200
Speed
Normal
Resources
Standard
Victory
Conquest
Starting age
Dark Age
Ending age
Imperial Age
RankedLock teamsTeams togetherTeam positionsShared explorationLock speedFull tech treeHidden civsTurbo modeCheats
Victory
Defeat
🇫🇷 Vikings · France
761
+15
🇺🇸 Wu · United States
748
-15
Rogan
11:32 Feudal Age
10:40 Loom
12:04 Double-Bit Axe
13:21 Horse Collar
13:37 Man-at-Arms
17:46 Castle Age
15:44 Fishing Lines
18:32 Forging
18:23 Scale Mail Armor
19:05 Bloodlines
19:21 Medium Warships
20:20 Gillnets
20:16 Crossbowman
20:19 Light Cavalry
22:20 Long Swordsman
23:03 Husbandry
22:59 Gold Mining
23:32 Heavy Plow
23:56 Fletching
24:20 Stone Mining
24:17 Demolition Ship
24:46 Pikeman
26:23 Clinker Construction
27:08 Iron Casting
26:54 Bow Saw
28:00 Wheelbarrow
27:36 Squires
27:39 Arson
28:14 Bodkin Arrow
29:33 Murder Holes
29:51 Town Watch
30:01 Demolition Ship
33:57 Guard Tower
38:58 Imperial Age
37:40 Hand Cart
38:18 Red Cliffs Tactics
38:27 Siphons
40:06 Conscription
41:14 Elite Fire Archer
42:42 Sitting Tiger
47:27 Blast Furnace
konif
2:34 Loom
13:27 Feudal Age
14:12 Town Watch
14:33 Fishing Lines
15:35 Double-Bit Axe
18:29 Castle Age
16:42 Double-Bit Axe
18:26 Gold Mining
18:35 Stone Mining
19:36 Bow Saw
19:30 Town Patrol
19:26 Gillnets
19:48 Fletching
20:32 Bodkin Arrow
21:49 Clinker Construction
21:50 Careening
22:33 Gold Shaft Mining
23:52 Ballistics
25:47 Treadmill Crane
32:44 Imperial Age
30:26 Padded Archer Armor
33:07 Masonry
33:45 Bracer
35:09 Chemistry
35:27 Dry Dock
35:28 Carvel Hull
34:43 Elite Longship
35:18 Elite Cannon Galleon
37:45 Siege Engineers
39:15 Hoardings
41:07 Two-Man Saw
41:38 Scale Mail Armor
41:48 Forging
44:14 Iron Casting
45:39 Conscription
45:36 Chain Mail Armor
48:35 Blast Furnace
Connection lost

Rejoining the realm…

Still unreachable

The connection could not be restored.

Session expired

The server has moved on; the page needs a fresh start.